 Dungeon Crawl Stone Soup version 0.28.0-62-gf88900778d (webtiles) character file.

Game seed: 5937005151514049271

78 cbfl8 the Skirmisher (level 4, -1/52 HPs)
             Began as a Demonspawn Berserker on June 28, 2023.
             Was a Believer of Trog.
             Slain by Natasha (7 damage)
             ... on level 2 of the Dungeon.
             The game lasted 00:01:35 (1538 turns).

cbfl8 the Skirmisher (Demonspawn Berserker)         Turns: 1538, Time: 00:01:36

Health: -1/52      AC:  6    Str: 17    XL:     4   Next: 15%
Magic:  4/4        EV: 11    Int:  9    God:    Trog [**....]
Gold:   85         SH:  4    Dex: 14    Spells: 3/3 levels left

rFire   . . .      SeeInvis .   a - +0 hand axe
rCold   . . .      Faith    .   (no shield)
rNeg    . . .      Spirit   .   g - +0 scale mail
rPois   .          Reflect  .   (no helmet)
rElec   .          Harm     .   (no cloak)
rCorr   .          Rampage  .   (no gloves)
Will    .....      Rage     1%  (no boots)
Stlth   ..........              (no amulet)
HPRegen 0.17/turn               (no ring)
MPRegen 0.18/turn               (no ring)

@: berserking, very quick
A: large bone plates 1, magic regeneration, berserk 1, sturdy frame 1
a: Renounce Religion, Berserk, Trog's Hand


You were on level 2 of the Dungeon.
You worshipped Trog.
Trog was pleased with you.
You visited 1 branch of the dungeon, and saw 2 of its levels.

You collected 85 gold pieces.

Inventory:

Hand Weapons
 a - a +0 hand axe (weapon)
Armour
 g - a +0 scale mail (worn)
Scrolls
 b - a scroll of enchant weapon {unknown}
 d - 2 scrolls of teleportation


   Skills:
 + Level 3.3 Fighting
 + Level 3.3 Axes
 + Level 2.3 Armour
 + Level 1.9 Dodging
 * Level 2.0 Evocations


You had 3 spell levels left.
You didn't know any spells.
Your spell library was empty.

Dungeon Overview and Level Annotations

Branches:
Dungeon (2/15)

Altars:

Annotations:
D:2 Natasha


Innate Abilities, Weirdness & Mutations

You are partially covered in large bone plates. (SH +4)
You regenerate magic rapidly.
You tend to lose your temper in combat.
Your movements are slightly less encumbered by armour. (ER -2)


Message History

You barely miss Natasha. You closely miss the bat. You closely miss the goblin.
You miss the goblin. You slash Robin! The bat hits you but does no damage.
Natasha closely misses you. The goblin closely misses you.
The goblin hits you with a +0 club. The goblin hits you with a +0 dagger.
You completely miss the goblin. You barely miss Robin. You miss the goblin.
You barely miss the goblin. You slash Natasha! You slash the hobgoblin!
You kill the hobgoblin!
Trog accepts your kill. Natasha barely misses you.
Robin hits you with a +0 whip.
* * * LOW HITPOINT WARNING * * *
The bat hits you but does no damage. The goblin barely misses you.
The goblin hits you with a +0 dagger.
* * * LOW HITPOINT WARNING * * *
The goblin hits you with a +0 dagger.
* * * LOW HITPOINT WARNING * * *
You have reached level 4!
You feel clever.
Your demonic ancestry asserts itself...
Large bone plates grow over parts of your arms.
You hit Natasha.
Natasha is severely wounded.
You closely miss the bat. You hit the goblin. You barely miss the goblin.
You slash Robin!
You kill Robin!
Trog accepts your kill.
You barely miss the goblin. The bat barely misses you.
You block Natasha's attack.
The crimson imp blinks!
The goblin hits you with a +0 club.
* * * LOW HITPOINT WARNING * * *
You block Natasha's attack. The goblin hits you with a +0 dagger.
* * * LOW HITPOINT WARNING * * *
You barely miss Natasha.
Natasha is severely wounded.
You hit the goblin. You slash the goblin!
You kill the goblin!
Trog accepts your kill.
You barely miss the goblin. You hit the bat.
You kill the bat!
Trog accepts your kill. Natasha claws you!
You die...

.....##.###.#
####........#......# .
#.....##......).#### ..
#.....##.#......# ...
#.....##.#......#
....#.....##.#......#
..........##.#......# ##
......gh..##.#......###.
...gg.g@†.##.+..........
......))g.'..#.......)..
####...§..##.#..........
#......##.#..........
#...5..##.#..........
#......##.#..........
#......##.#....[.....
#.#+#+###.#######.... #.
#.#######....


You could see Natasha (fast), a crimson imp (summoned) and 5 goblins.

Vanquished Creatures
  Robin (D:2)
  2 gnolls (D:1)
  2 dart slugs
  3 ball pythons (D:1)
  5 endoplasms
  9 goblins
  4 hobgoblins
  A quokka (D:1)
  4 bats
  2 frilled lizards (D:1)
  9 kobolds (D:1)
  2 rats (D:1)
44 creatures vanquished.

Notes
Turn   | Place    | Note
-------+----------+-------------------------------------------
     0 | D:1      | cbfl8 the Demonspawn Berserker began the quest for the Orb.
     0 | D:1      | Reached XP level 1. HP: 18/18 MP: 1/1
   188 | D:1      | Reached skill level 1 in Evocations
   270 | D:1      | Gained mutation: You regenerate magic rapidly. [demonic
                  | ancestry]
   270 | D:1      | Reached XP level 2. HP: 16/24 MP: 2/2
   280 | D:1      | Reached XP level 3. HP: 17/29 MP: 3/3
  1256 | D:1      | Found a faded altar of an unknown god.
  1292 | D:1      | Gained mutation: Your body sometimes deteriorates upon
                  | taking damage. [potion of mutation]
  1292 | D:1      | Gained mutation: You are robust. (+10% HP) [potion of
                  | mutation]
  1293 | D:1      | Lost mutation: You are robust. (+10% HP) [potion of
                  | mutation]
  1293 | D:1      | Lost mutation: Your body sometimes deteriorates upon taking
                  | damage. [potion of mutation]
  1293 | D:1      | Gained mutation: Your movements are slightly less
                  | encumbered by armour. (ER -2) [potion of mutation]
  1293 | D:1      | Gained mutation: You tend to lose your temper in combat.
                  | [potion of mutation]
  1409 | D:2      | Reached ** piety under Trog
  1527 | D:2      | Noticed Natasha
  1527 | D:2      | Noticed Robin
  1537 | D:2      | Gained mutation: You are partially covered in large bone
                  | plates. (SH +4) [demonic ancestry]
  1537 | D:2      | Reached XP level 4. HP: 8/35 MP: 4/4
  1537 | D:2      | Killed Robin
  1538 | D:2      | Slain by Natasha

Illustrated notes

Levels and vault maps discovered:
D:1:      nagdon_arrival_double_spiral, layout_rooms,
          hellmonk_ecumenical_altar_leap_of_faith, st_stairs_9,
          hangedman_abyss_or_decor_lesser_grid
D:2:      layout_basic, uniq_robin, uniq_natasha

Skill      XL: |  1  2  3 |
---------------+----------+-----
Evocations     | 1 2 |  2.0
Armour         | 2 |  2.3
Axes           | 3 |  3.3
Fighting       | |  3.3
Dodging        | |  1.9

Action                   |  1- 3 |  4- 6 || total
-------------------------+-------+-------++-------
Melee: Hand axe          |   105 |     2 ||   107
Invok: Berserk           |     2 |       ||     2
  Use: Potion            |     4 |       ||     4
       Scroll            |     2 |       ||     2
Armor: Ring mail         |    14 |       ||    14
       Animal skin       |     1 |       ||     1
       Scale mail        |    41 |       ||    41
Dodge: Dodged            |    84 |     1 ||    85
Block: Other             |       |     2 ||     2
